 Dungeon Crawl Stone Soup version 0.24.0-41-g2ae2f7f1be (webtiles) character file.

Game seed: 16226131037181779848, levelgen mode: deterministic

46 Gwanngwann the Grave Robber (level 3, 0/25 (27) HPs)
             Began as a Ghoul Necromancer on Dec 13, 2019.
             Slain by an adder (2 damage)
             ... on level 2 of the Dungeon.
             The game lasted 00:28:44 (1628 turns).

Gwanngwann the Grave Robber (Ghoul Necromancer)     Turns: 1628, Time: 00:28:45

HP:   0/25 (27)     AC: 10    Str: 12    XL:     3   Next: 66%
MP:   4/4           EV:  2    Int: 10    God:
Gold: 50            SH:  2    Dex:  9    Spells: 4/5 levels left

rFire    . . .     SeeInvis .   h - +0 hand axe
rCold    + . .     Gourm    .   r - +0 buckler
rNeg     + + +     Faith    .   f - +0 plate armour
rPois    ∞         Spirit   .   (no helmet)
rElec    .         Reflect  .   (no cloak)
rCorr    .         Harm     .   (no gloves)
MR       .....                  (no boots)
Stlth    ..........             (no amulet)
HPRegen  0.00/turn              (no ring)
MPRegen  0.09/turn              (no ring)

@: very slightly contaminated, rotting, hasted, very quick
A: rotting body, claws 1, carnivore, cold resistance 1, negative energy
resistance 3, inhibited regeneration, torment resistance, unbreathing
a: no special abilities


You were on level 2 of the Dungeon.
You were not hungry.

You visited 1 branch of the dungeon, and saw 2 of its levels.

You collected 50 gold pieces.

Inventory:

Hand Weapons
 c - a +0 dagger
 g - a cursed +0 dagger
 h - a +0 hand axe (weapon)
 i - a +0 club
 k - a +0 club
 m - a +0 whip
 o - a +0 short sword
 v - a +0 mace
Missiles
 s - 37 stones (quivered)
 w - 49 arrows
Armour
 a - a +0 robe
 f - a +0 plate armour (worn)
 r - a +0 buckler (worn)
Jewellery
 b - a +3 ring of strength {unknown}
 l - a cursed ring of teleportation {unknown}
 p - an uncursed amulet of the gourmand
Scrolls
 e - a scroll of magic mapping {unknown}
 n - a scroll of teleportation {unknown}
 t - a scroll of identify
 u - a scroll of enchant armour {unknown}
Potions
 d - a potion of cancellation {unknown}
 q - 2 potions of flight {unknown}


   Skills:
 + Level 0.5 Fighting
 + Level 0.6 Axes
 + Level 0.3 Armour
 + Level 1.9 Dodging
 + Level 2.2 Stealth
 + Level 1.3 Unarmed Combat
 + Level 1.8 Spellcasting
 + Level 4.5 Necromancy


You had 4 spell levels left.
You knew the following spells:

 Your Spells              Type           Power        Failure   Level  Hunger
a - Pain                  Necr           ##..         100%        1    ##.....

Your spell library contained the following spells:

 Spells                   Type           Power        Failure   Level  Hunger
 Animate Skeleton         Necr           N/A          100%        1    ##.....
 Regeneration             Chrm/Necr      #.........   100%        3    ####...
 Vampiric Draining        Necr           ##........   100%        3    ####...
 Animate Dead             Necr           N/A          100%        4    #####..


Dungeon Overview and Level Annotations

Branches:
Dungeon (2/15)

Altars:
Wu Jian


Innate Abilities, Weirdness & Mutations

Your body is rotting away.
You thrive on raw meat.
You are immune to poison.
You have sharp fingernails.
You are carnivorous and can eat meat at any time.
Your flesh is cold resistant. (rC+)
You are immune to negative energy. (rN+++)
You do not regenerate when monsters are visible.
You are immune to unholy pain and torment.
You can survive without breathing.


Message History

The adder bites you. The adder bites you but does no damage.
You closely miss the adder.
The adder is moderately wounded.
The adder barely misses you.
You completely miss the adder.
The adder is moderately wounded.
The adder bites you but does no damage. The adder bites you.
Your plate armour prevents you from hitting the adder.
The adder is moderately wounded.
The adder bites you.
* * * LOW HITPOINT WARNING * * *
The adder bites you.
* * * LOW HITPOINT WARNING * * *
It was a potion of haste.
You feel yourself speed up. The adder bites you but does no damage.
As you read the scroll labeled YDESHR YRESUR, it crumbles to dust.
It is a scroll of identify.
Okay, then.
The adder bites you.
You die...

####
#######..........#
...# ###'########
...# #.# ...#
#.##### ...#
#.....# ...# .
#.....# ...# ...
#.....# ...#
.....##.....# ..##
......S@....# ..#
...$........# ..#
####...#....# ..#
#... ....# ..#
#### ##### ..# ..#
..# ###


You could see an adder.

Vanquished Creatures
  2 oozes (D:1)
  2 dart slugs
  3 bats
  3 giant cockroaches (D:1)
  5 goblins
  2 hobgoblins (D:1)
  2 jackals (D:2)
  2 ball pythons (D:1)
  A frilled lizard (D:1)
  4 kobolds
  6 rats
32 creatures vanquished.

Notes
Turn   | Place    | Note
-------+----------+-------------------------------------------
     0 | D:1      | Gwanngwann the Ghoul Necromancer began the quest for the
                  | Orb.
     0 | D:1      | Reached XP level 1. HP: 14/14 MP: 2/2
    57 | D:1      | Reached XP level 2. HP: 7/20 MP: 3/3
   428 | D:1      | Reached skill level 1 in Unarmed Combat
   433 | D:1      | Reached XP level 3. HP: 11/25 MP: 4/4
  1117 | D:2      | Found an ornate altar of the Wu Jian Council.
  1628 | D:2      | Slain by an adder

Levels and vault maps discovered:
D:1:      dpeg_arrival_tiny_j, layout_loops_ring, serial_glass, glass_columns_a,
          glass_columns_b, glass_columns_a, glass_columns_c, glass_columns_c,
          glass_columns_a, item_on_display_a, feat_on_display, feat_on_display,
          skrybe_limestone_x
D:2:      layout_basic, nicolae_overflow_crystal_walls

Skill      XL: |  1  2 |
---------------+-------+-----
Unarmed Combat | 1 |  1.3
Fighting       | |  0.5
Axes           | |  0.6
Armour         | |  0.3
Dodging        | |  1.9
Stealth        | |  2.2
Spellcasting   | |  1.8
Necromancy     | |  4.5

Action                   || total
-------------------------++-------
Melee: Unarmed           ||    34
       Hand axe          ||   144
Throw: Stone             ||     2
  Use: Scroll            ||     1
       Potion            ||     1
  Eat: Chunk             ||     7
       Ration            ||     4
Armor: Robe              ||     4
       Plate armour      ||   145
Dodge: Dodged            ||    31
Block: Buckler           ||    11
